[Event "Late-Titled-Tuesday-Blitz-March-19-2024"]
[Site "Chess.com"]
[Date "2024.03.19"]
[Round "2"]
[White "TheMagician"]
[Black "VD_coach"]
[Result "0-1"]
[WhiteElo "2223"]
[BlackElo "2503"]
[TimeControl "180+1"]
[EndTime "14:18:36 PDT"]
[Termination "VD_coach won by resignation"]

1. e4 c5 2. Nf3 d6 3. b3 Nf6 4. Nc3 e6 5. Bb2 Be7 6. Bb5+ Bd7 7. a4 O-O 8. O-O Nc6 9. h3 a6 10. Bxc6 Bxc6 11. Re1 b5 12. e5 Nd5 13. exd6 Bxd6 14. Ne4 bxa4 15. Nxd6 Qxd6 16. Ne5 axb3 17. cxb3 Ne7 18.
d4 cxd4 19. Ba3 Qd5 20. f3 Rfe8 21. Bxe7 Rxe7 22. Nxc6 Qxc6 23. Qxd4 Rd7 24. Qe4 Qxe4 25. Rxe4 h6 26. Rea4 Rd6 27. b4 Rb6 28. b5 Rxb5 29.
Rxa6 Rxa6 30. Rxa6 g5 31. Ra2 Kg7 32. Kh2 Kg6 33. Kg3 Rc5 34. h4 Rc1 35. Ra4 Re1 36.
Rb4 Re5 37. hxg5 hxg5 38. f4 gxf4+ 39. Kxf4 Rh5 40. g3 Rc5 41. Ra4 f6 42. Ra3 Rb5 43.
Kf3 Kf5 44. Kg2 e5 45. Rf3+ Kg5 46. Ra3 f5 47. Kf3 Rd5 48. Rb3 Rd3+ 49. Rxd3 e4+ 50. Ke3 exd3 51. Kxd3 Kg4 52. Ke3 Kxg3 53. Kd4 f4 54.
Ke5 0-1

[Event "Late-Titled-Tuesday-Blitz-March-19-2024"]
[Site "Chess.com"]
[Date "2024.03.19"]
[Round "2"]
[White "VladimirKramnik"]
[Black "stolencandy13"]
[Result "1-0"]
[WhiteElo "3001"]
[BlackElo "2551"]
[TimeControl "180+1"]
[EndTime "14:18:37 PDT"]
[Termination "VladimirKramnik won on time"]

1. e4 c6 2. d4 d5 3. Nd2 dxe4 4. Nxe4 Bf5 5. Ng3 Bg6 6. h4 h6 7. Nf3 Nd7 8. h5 Bh7 9. Bd3 Bxd3 10. Qxd3 e6 11.
Bd2 Ngf6 12. O-O-O Be7 13. Ne4 Nxe4 14. Qxe4 Nf6 15. Qe2 Qd5 16. Kb1 Qe4 17. Qxe4 Nxe4 18. Be3 O-O 19. c4 Rfd8 20. Kc2 Bf6 21. g4 b5 22. b3 a5 23. Ne5 bxc4 24. bxc4 c5 25.
f4 cxd4 26. Rxd4 Rxd4 27. Bxd4 Rc8 28. Kd3 Bxe5 29. fxe5 Ng5 30. Rf1 Rd8 31. Ke3 Kf8 32. Bb6 Rc8 33. c5 Ke7 34. Rf4 f6 35. exf6+ gxf6 36. Ra4 Ra8 37. Rxa5 Rxa5 38. Bxa5 Kd7 39. a4 Kc6 40. Bd8 Nf7 41. Bxf6 Kxc5 42. Be7+ Kd5 43. a5 Ne5 44. a6 Nxg4+ 45. Ke2 Kc6 46. Kf3 Ne5+ 47.
Ke4 Nd7 48. Bd8 1-0

[Event "Late-Titled-Tuesday-Blitz-March-19-2024"]
[Site "Chess.com"]
[Date "2024.03.19"]
[Round "2"]
[White "wallowss"]
[Black "prochn"]
[Result "1-0"]
[WhiteElo "2142"]
[BlackElo "2444"]
[TimeControl "180+1"]
[EndTime "14:18:37 PDT"]
[Termination "wallowss won on time"]

1. d4 d5 2. c4 c6 3. Nf3 Nf6 4. g3 Bf5 5. Bg2 h6 6. O-O e6 7.
b3 Be7 8. Bb2 O-O 9. Nc3 Nbd7 10. Nd2 Bg6 11. Rc1 Qa5 12. a3 Rad8 13. b4 Qb6 14. c5 Qc7 15. Qb3 e5 16. e3 a6 17.
a4 exd4 18. exd4 h5 19. Rfe1 Rfe8 20. b5 axb5 21. axb5 h4 22. Nf3 hxg3 23. hxg3 Ng4 24. b6 Qb8 25. Ne2 Ndf6 26. Nf4 Be4 27. Ne5 Bxg2 28. Kxg2 Nxe5 29. dxe5 Ne4 30. Bd4 Bf8 31. Rh1 Rxe5 32. Bxe5 Qxe5 33. Qf3 Bxc5 34. Rh5 Ng5 35. Rxg5 Qxg5 36. Rxc5 Re8 37. Rc1 Qd8 38. Rh1 g6 39. Qg4 Qf6 40. Nh5 Qe5 41. Nf4 Qe4+ 42. Qf3 Qd4 43.
Qg4 Ra8 44. Qh4 1-0

[Event "Late-Titled-Tuesday-Blitz-March-19-2024"]
[Site "Chess.com"]
[Date "2024.03.19"]
[Round "2"]
[White "FabianoCaruana"]
[Black "Alexei_Gubajdullin"]
[Result "1-0"]
[WhiteElo "3073"]
[BlackElo "2657"]
[TimeControl "180+1"]
[EndTime "14:18:38 PDT"]
[Termination "FabianoCaruana won on time"]

1. c4 Nf6 2. Nc3 g6 3. e4 d6 4. d4 Bg7 5. Be3 O-O 6. h3 Na6 7. g4 c5 8. d5 e6 9. Nf3 exd5 10. cxd5 Re8 11. Nd2 h5 12. Be2 hxg4 13. hxg4 Nh7 14.
Nc4 Nc7 15. a4 Ng5 16. f3 Qf6 17. Rf1 Nh3 18. Qd2 g5 19. e5 Rxe5 20. Nxe5 Qxe5 21. O-O-O b5 22. Bxb5 Nxb5 23. axb5 a6 24. b6 Rb8 25. Rde1 Bd7 26. Bxc5 Qf6 27. Ne4 Qg6 28. Bd4 Bb5 29.
Rh1 Nf4 30. Bxg7 Qxg7 31. Re3 Rxb6 32. Rc3 Ne2+ 33. Qxe2 Bxe2 34. Rc8+ Qf8 35. Nf6+ Kg7 36. Rh7+ Kxf6 37. Rxf8 Rb7 38. Rh3 Bc4 39. Rd8 Ke5 40.
Re8+ Kxd5 41. Rh5 f6 42. f4 Kd4 43. fxg5 fxg5 44. Rxg5 Bd3 45. Rf8 Rh7 46. Rf2 1-0

[Event "Late-Titled-Tuesday-Blitz-March-19-2024"]
[Site "Chess.com"]
[Date "2024.03.19"]
[Round "2"]
[White "YurasovMat-2012"]
[Black "Zhigalko_Sergei"]
[Result "0-1"]
[WhiteElo "2613"]
[BlackElo "2884"]
[TimeControl "180+1"]
[EndTime "14:18:38 PDT"]
[Termination "Zhigalko_Sergei won on time"]

1. e4 b5 2. Nf3 Bb7 3. d3 e6 4. Nbd2 Nf6 5. Be2 d5 6. e5 Nfd7 7. O-O c5 8. c3 Nc6 9. d4 b4 10. Re1 Qa5 11. Qb3 Ba6 12. Bxa6 Qxa6 13. Nf1 Rb8 14. Qd1 bxc3 15. bxc3 cxd4 16. cxd4 Bb4 17.
Bd2 O-O 18. a3 Bxd2 19. N1xd2 Rb2 20. Nf1 Rfb8 21. Ne3 R8b3 22. Qc1 Nf8 23. Nd1 Qb6 24. Nxb2 Rxb2 25. Qc3 Rb3 26. Qd2 Rb2 27. Qd3 Rb3 28.
Qd1 Na5 29. Nd2 Rd3 30. Qc2 Rxd4 31. Nf3 Rc4 32. Qe2 h6 33. Rab1 Qc7 34. Nd2 Rc3 35. a4 Nc6 36. Nf3 a5 37. Qd2 Nb4 38. Nd4 Rd3 39.
Qf4 Ng6 40. Qg4 Qc4 41. Red1 h5 42. Qxh5 Qxd4 43. Rdc1 Rc3 44. Rd1 Qc5 45. Re1 Rc2 0-1

[Event "Late-Titled-Tuesday-Blitz-March-19-2024"]
[Site "Chess.com"]
[Date "2024.03.19"]
[Round "2"]
[White "kids2010"]
[Black "Statham_01"]
[Result "1-0"]
[WhiteElo "2771"]
[BlackElo "2570"]
[TimeControl "180+1"]
[EndTime "14:18:38 PDT"]
[Termination "kids2010 won by resignation"]

1. e4 e5 2. Nf3 Nc6 3. Bb5 a6 4. Ba4 Nf6 5. O-O Be7 6. Re1 b5 7. Bb3 O-O 8. c3 d5 9. d3 dxe4 10. dxe4 Qxd1 11. Bxd1 Bb7 12. Bc2 Nd7 13. a4 b4 14. Nbd2 Nc5 15. Nc4 f6 16. Be3 a5 17.
Nfd2 Rfd8 18. Nb3 Nd3 19. Red1 Nf4 20. Rxd8+ Bxd8 21. Nc5 Bc8 22. g3 Ne6 23. Rd1 Be7 24. Nxe6 Bxe6 25. Bb3 Kf7 26. f4 exf4 27. gxf4 Kf8 28.
Nxa5 Bxb3 29. Nxb3 bxc3 30. bxc3 Rxa4 31. Nc5 Rc4 32.
Rd5 Rxc3 33. Bf2 Rc1+ 34. Kg2 Rc2 35. Kf3 Nb4 36. Nd7+ Ke8 37. Rd1 Rc3+ 38. Ke2 Rd3 39. Rxd3 Nxd3 40. Nxf6+ Bxf6 41. Kxd3 Ke7 42. e5 g5 43.
exf6+ Kxf6 44. fxg5+ Kxg5 45. Bg3 c6 46. Kc4 Kg4 47. Kc5 h5 48. Kxc6 h4 49. Bc7 Kf5 50. Kd5 h3 51. Kd4 Kg4 52. Ke3 Kh4 53. Kf3 Kg5 54.
Kg3 Kh5 55. Kxh3 Kg5 56. Kg3 Kh5 57. h4 Kg6 1-0

[Event "Late-Titled-Tuesday-Blitz-March-19-2024"]
[Site "Chess.com"]
[Date "2024.03.19"]
[Round "2"]
[White "N18player"]
[Black "DavidGavrilescu18"]
[Result "0-1"]
[WhiteElo "2529"]
[BlackElo "2763"]
[TimeControl "180+1"]
[EndTime "14:18:39 PDT"]
[Termination "DavidGavrilescu18 won by resignation"]

1. Nf3 d5 2. e3 Nf6 3. c4 e6 4. b3 c5 5. cxd5 exd5 6. Bb2 Nc6 7. Be2 d4 8. Bb5 Bd7 9. O-O Be7 10. Bxc6 Bxc6 11. exd4 O-O 12. dxc5 Bxc5 13. d4 Bb6 14.
Nbd2 Re8 15. Nc4 Bc7 16. Nce5 Bd5 17. Rc1 Rc8 18. h3 h6 19. Re1 Re6 20. Nd3 Rxe1+ 21. Qxe1 Bxf3 22. gxf3 Nd5 23. Qe4 Qd6 24. Ne5 f6 25.
Ba3 Qe6 26. Qg4 Qxg4+ 27. Nxg4 Rd8 28. Ne3 Bf4 29. Re1 Nc7 30. Nf5 g6 31. Ne7+ Kf7 32. d5 Nb5 33. Bb4 Nd6 34. Re6 Ne8 35. Re4 Bd6 36. Bxd6 Nxd6 37. Re6 Ne8 38. Re4 Nc7 39. d6 Rxd6 40. Nc8 Rd1+ 41. Kg2 Nd5 42. Nd6+ Kg7 43.
Nxb7 g5 44. Kh2 h5 45. h4 Rd2 46. hxg5 fxg5 47. Kg2 Nf4+ 48. Kg3 Kf6 49. Nc5 Kf5 50. Ne6 h4+ 51. Kh2 Nxe6 52. Kg2 Nf4+ 53. Kg1 Nh3+ 54. Kh2 Nxf2 0-1

[Event "Late-Titled-Tuesday-Blitz-March-19-2024"]
[Site "Chess.com"]
[Date "2024.03.19"]
[Round "2"]
[White "esrosenberg"]
[Black "Mops_2004"]
[Result "1-0"]
[WhiteElo "2491"]
[BlackElo "2733"]
[TimeControl "180+1"]
[EndTime "14:18:39 PDT"]
[Termination "esrosenberg won by resignation"]

1. d4 d5 2. Nf3 Nf6 3. g3 c6 4.
Bg2 Bf5 5. O-O e6 6. c4 Nbd7 7. Nc3 h6 8. Qb3 Qb6 9. c5 Qxb3 10. axb3 a6 11. b4 Rc8 12. Nd2 Be7 13. Nb3 Bd8 14.
Bf4 O-O 15. Bd6 Re8 16. f3 Bc2 17. Na5 Bxa5 18. bxa5 e5 19. e3 e4 20. fxe4 Nxe4 21. Nxe4 Bxe4 22. Bh3 f5 23. Bxf5 Bxf5 24. Rxf5 Rxe3 25.
Raf1 Nf6 26. Be5 Ng4 27. Rf7 Nxe5 28. dxe5 Rxe5 29. Rxb7 Rf8 30. Rxf8+ Kxf8 31. Kf2 d4 32. b4 Ke8 33. Rxg7 Re4 34. Rg6 d3 35. Rd6 Rxb4 36.
Ke3 Rb5 37. Rxc6 Rxa5 38. Kxd3 h5 39. Kc4 Ra2 40. h3 Ra3 41. g4 h4 42. Kb4 Rxh3 43. Rxa6 Rg3 44. Rg6 Kd7 45. Kc4 h3 46. Kd5 h2 47.
Rh6 Rxg4 48. Rh7+ Kd8 49. Rxh2 Rg5+ 50. Kc6 Rg6+ 51. Kb7 Rg7+ 52. Kb6 Rg6+ 53. c6 Rg1 54. Rh8+ Ke7 55. Kc7 Ra1 56. Rh7+ Ke6 57. Rh6+ Ke7 58. Kc8 Ra8+ 59. Kb7 Ra1 60. Rh7+ Kd6 61. Rd7+ Ke6 62. Rd2 Rb1+ 63. Kc8 Rb3 64. c7 Ke7 65. Re2+ Kd6 66. Kd8 Rh3 67. c8=Q 1-0

[Event "Late-Titled-Tuesday-Blitz-March-19-2024"]
[Site "Chess.com"]
[Date "2024.03.19"]
[Round "2"]
[White "Supergiuly"]
[Black "santosalberto1987"]
[Result "0-1"]
[WhiteElo "2350"]
[BlackElo "2568"]
[TimeControl "180+1"]
[EndTime "14:18:40 PDT"]
[Termination "santosalberto1987 won by resignation"]

1. g3 d5 2. Bg2 Nf6 3. d4 e6 4.
c3 Be7 5. Nf3 O-O 6. O-O b6 7.
Nbd2 Nbd7 8. e4 dxe4 9. Ng5 Bb7 10. Ngxe4 Nxe4 11. Nxe4 Qc8 12. Qf3 Rb8 13. Bf4 Nf6 14. Nxf6+ Bxf6 15. Qe3 Bxg2 16. Kxg2 Qb7+ 17. Kg1 Rbc8 18.
Rad1 b5 19. f3 a5 20. g4 a4 21. a3 Rfd8 22. g5 Be7 23. h4 c5 24. Be5 Rd5 25. Kg2 Rcd8 26. Qe2 Qd7 27. Rde1 cxd4 28. Bxd4 Bc5 29. Bxc5 Rd2 30. Kg1 Rxe2 31. Rxe2 Qd3 32. Rff2 Qb1+ 33. Kg2 Rd1 34. Rd2 Rg1+ 35. Kh3 Rh1+ 36.
Kg3 h6 37. gxh6 Qf5 38. Rh2 Rxh2 39. Rxh2 Qxc5 40. hxg7 Kxg7 41. Rf2 Qe5+ 42. Kg2 Qf4 43. Kh3 Kh6 44. Kg2 Qxh4 45. Rf1 Qf4 46. Kf2 Qd2+ 47. Kg3 Qxb2 48. Kg4 Qxc3 49. Rh1+ Kg6 50. Rh5 Qxa3 51.
Rg5+ Kf6 52. Rxb5 Qb3 0-1

[Event "Late-Titled-Tuesday-Blitz-March-19-2024"]
[Site "Chess.com"]
[Date "2024.03.19"]
[Round "2"]
[White "ZachHKL"]
[Black "BilicVladimir"]
[Result "1-0"]
[WhiteElo "2216"]
[BlackElo "2690"]
[TimeControl "180+1"]
[EndTime "14:18:41 PDT"]
[Termination "ZachHKL won by resignation"]

1. e4 c6 2. d4 d5 3. exd5 cxd5 4. Bd3 Nc6 5. c3 Nf6 6. Bf4 Bg4 7. Qb3 Qd7 8. Nd2 e6 9. h3 Bh5 10. Ngf3 Bg6 11. Ne5 Qc8 12. Bb5 Nd7 13. Bxc6 bxc6 14. Nxg6 hxg6 15. Nf3 Be7 16. O-O O-O 17. Ne5 Nxe5 18.
Bxe5 c5 19. Qc2 Qb7 20. Rab1 Rfc8 21. Qd3 cxd4 22. Bxd4 Bf6 23. Rfe1 Bxd4 24. Qxd4 Rc4 25. Qe5 Rac8 26. Re3 a5 27. b3 R4c6 28. Qd4 Qc7 29. Rc1 Qd6 30. c4 e5 31. Rxe5 Qa3 32. Rce1 Rf8 33.
Qxd5 Rd6 34. Qxa5 Qb2 35. R5e2 Qd4 36. Qe5 Qd3 37. Qe4 Qc3 38. Qe5 Qd3 39. Qg3 Qd4 40. Re8 Rd8 41. Rxf8+ Rxf8 42. Qe5 Qd2 43. Qe2 Qc3 44.
Rd1 Ra8 45. Qd2 Qf6 46. Rc1 Rd8 47. Qc2 Qf4 48. Rd1 Rc8 49. c5 Qb4 50. c6 Qb6 51. Rc1 Rc7 52. Qc5 Qa6 53. a4 Qe2 54. b4 Qb2 55. b5 Re7 56. c7 Re2 57. c8=Q+ Kh7 58.
Qg4 Qd2 59. Qh4+ Kg8 60. Qc8+ 1-0

[Event "Late-Titled-Tuesday-Blitz-March-19-2024"]
[Site "Chess.com"]
[Date "2024.03.19"]
[Round "2"]
[White "AsterPhoenix"]
[Black "IngOscarArdila"]
[Result "1-0"]
[WhiteElo "2653"]
[BlackElo "2399"]
[TimeControl "180+1"]
[EndTime "14:18:42 PDT"]
[Termination "AsterPhoenix won on time"]

1. e4 e5 2. Nf3 Nf6 3. Nxe5 d6 4. Nd3 Nxe4 5. Qe2 Qe7 6. Nf4 Nf6 7. d4 Qxe2+ 8. Bxe2 Bf5 9. Na3 c6 10. d5 Be7 11. Be3 O-O 12. O-O-O c5 13. f3 a6 14. g4 Bc8 15. Nc4 Nbd7 16. h4 b5 17. Na5 Nb8 18. Nc6 Nxc6 19. dxc6 Be6 20. g5 Ne8 21. Nd5 Bxd5 22.
Rxd5 Nc7 23. Rdd1 d5 24. Bf4 Ne6 25. Be5 Rac8 26. Rxd5 Rxc6 27. Rd7 Re8 28. f4 Nf8 29. Ra7 f6 30. Bf3 Rcc8 31. Bd5+ Kh8 32. Bc3 Rcd8 33. Bf7 Ra8 34. Rxa8 Rxa8 35. Re1 Ra7 36. Bd5 Ng6 37. f5 Nf4 38. Bc6 b4 39. Bd2 Ng2 40. Bxg2 fxg5 41. hxg5 h6 42. f6 gxf6 43. gxh6 Bf8 44.
Bd5 Rd7 45. Bc4 f5 46. Rg1 f4 47. Rg8+ Kh7 48. Rxf8 Kg6 49. Rxf4 Kxh6 50. Rf7+ 1-0

[Event "Late-Titled-Tuesday-Blitz-March-19-2024"]
[Site "Chess.com"]
[Date "2024.03.19"]
[Round "2"]
[White "KetiTsatsalashvili"]
[Black "shirovin"]
[Result "1-0"]
[WhiteElo "2463"]
[BlackElo "2037"]
[TimeControl "180+1"]
[EndTime "14:18:42 PDT"]
[Termination "KetiTsatsalashvili won on time"]

1. d4 Nf6 2. Nf3 e6 3. c4 d5 4.
Nc3 Bb4 5. Bd2 O-O 6. e3 a6 7.
Bd3 Nc6 8. O-O dxc4 9. Bxc4 Bd6 10. e4 e5 11. d5 Nd4 12. Bg5 Bg4 13. Be2 Bxf3 14.
Bxf3 h6 15. Bh4 g5 16. Bg3 Re8 17. h4 Kg7 18. hxg5 hxg5 19. Qd2 Nxf3+ 20. gxf3 Nh5 21.
Kh2 Rh8 22. Rh1 Qf6 23. Kg1 Nf4 24. Bh2 Qh6 25. Qd1 Qh4 26. Kf1 Bc5 27. Qc2 Qh3+ 28.
Ke1 Qg2 29. Nd1 Qxh1+ 30. Kd2 Qxh2 31. Qxc5 Rac8 32. Qe7 Qh6 33. Qxe5+ Qf6 34. Qc3 Qxc3+ 35. bxc3 c6 36. c4 cxd5 37. cxd5 Rc5 38. Rb1 Rhc8 39.
Ne3 b5 40. Nf5+ Kf6 41. Nd4 Rc4 42. Nc6 R4xc6 43. dxc6 Rxc6 44. Rh1 Rd6+ 45. Kc3 Rd3+ 46. Kb4 Rxf3 47. Rh6+ Kg7 48. Rxa6 Rxf2 49. Kxb5 Nd3 50. a4 Rb2+ 51. Kc4 Nb4 52. Rb6 Nd3 53. Rd6 1-0

[Event "Late-Titled-Tuesday-Blitz-March-19-2024"]
[Site "Chess.com"]
[Date "2024.03.19"]
[Round "2"]
[White "dretch"]
[Black "Matrix3x3a"]
[Result "1-0"]
[WhiteElo "2870"]
[BlackElo "2607"]
[TimeControl "180+1"]
[EndTime "14:18:45 PDT"]
[Termination "dretch won on time"]

1. d4 Nf6 2. c4 e6 3. Nc3 Bb4 4. Qc2 O-O 5. e4 d5 6. e5 Ne4 7.
Bd3 c5 8. Nf3 Nc6 9. O-O Bxc3 10. bxc3 cxd4 11. Ba3 Re8 12. cxd4 Na5 13. cxd5 exd5 14. Bxe4 dxe4 15. Qxe4 Nc4 16. Bc1 Be6 17. Ng5 g6 18. Nxe6 fxe6 19. Bh6 Nb6 20. Qxb7 Re7 21.
Qe4 Rd7 22. Rfd1 Nd5 23. Rac1 Rc8 24. Rxc8 Qxc8 25. Rc1 Rc7 26. Rxc7 Qxc7 27. h4 Qe7 28. Qc2 Qb7 29. Qc1 Kf7 30. Kh2 Ke8 31. Qc5 Ne7 32. f3 Qd7 33. a3 a6 34. Qb6 Qc8 35. Qd6 Nf5 36. Qf8+ Kd7 37. Qf7+ Kc6 38. Qxh7 Qd8 39. Bg5 Qxd4 40. Qxg6 Qxe5+ 41. f4 Qe3 42. Qe8+ Kd5 43. Qd7+ Kc4 44. Qa4+ Kc3 45. Bf6+ Kd2 46. Qb4+ Ke2 47.
Qb2+ Kf1 48. Qb1+ Ke2 49. Qc2+ Kf1 50. Qd1+ Kf2 51. Qg1+ Ke2 52. Qxe3+ Nxe3 53. Kg3 Nf5+ 54. Kh3 Kf2 55. g4 Nh6 56. h5 Kf3 57. g5 Nf5 58. h6 Kxf4 59. h7 1-0

[Event "Late-Titled-Tuesday-Blitz-March-19-2024"]
[Site "Chess.com"]
[Date "2024.03.19"]
[Round "2"]
[White "Redzishchess"]
[Black "Szachulec75"]
[Result "1-0"]
[WhiteElo "2494"]
[BlackElo "2197"]
[TimeControl "180+1"]
[EndTime "14:18:45 PDT"]
[Termination "Redzishchess won by resignation"]

1. d4 Nf6 2. c4 g6 3. g3 Bg7 4.
Bg2 d6 5. Nc3 O-O 6. Nf3 Nbd7 7.
O-O e5 8. e4 exd4 9. Nxd4 Re8 10.
Re1 c6 11. h3 a5 12. Be3 Nc5 13. Qc2 Bd7 14. Rad1 Qc8 15. Bf4 Bxh3 16. Bxd6 Bxg2 17. Kxg2 Ne6 18. Nde2 Ng5 19. Nf4 Nh5 20. Rh1 Nxf4+ 21.
Bxf4 Qg4 22. Bxg5 Qxg5 23. Rd7 Re7 24. f4 Qf6 25. e5 Qe6 26. Rxe7 Qxe7 27. Rd1 f6 28. exf6 Qxf6 29. Ne4 Qxb2 30. Qxb2 Bxb2 31. Rb1 Bd4 32. Rxb7 c5 33. Kf3 a4 34. Rc7 Rb8 35.
Kg4 Rb2 36. Kg5 Rxa2 37. Nf6+ Kf8 38. Nxh7+ Ke8 39. Nf6+ Kd8 40. Rd7+ Kc8 41. Ra7 a3 42. Ne8 Rg2 43. Nd6+ Kb8 44. Rxa3 Rxg3+ 45. Rxg3 Kc7 46. Rg4 Be3 47. Nb5+ Kc6 48. Kxg6 Kd7 49. Kf5 Kc6 50. Ke4 1-0

[Event "Late-Titled-Tuesday-Blitz-March-19-2024"]
[Site "Chess.com"]
[Date "2024.03.19"]
[Round "2"]
[White "sergiochess83"]
[Black "wild3000"]
[Result "1-0"]
[WhiteElo "2956"]
[BlackElo "2436"]
[TimeControl "180+1"]
[EndTime "14:18:47 PDT"]
[Termination "sergiochess83 won on time"]

1. d4 Nf6 2. c4 e6 3. g3 Bb4+ 4.
Nd2 O-O 5. Bg2 d5 6. Nf3 dxc4 7.
O-O Nbd7 8. Nxc4 Nb6 9. Nce5 Be7 10. Qc2 a5 11. e4 a4 12. Bf4 Nh5 13. Be3 Nf6 14. Rfd1 Bd7 15. Rac1 a3 16. b3 Rc8 17. Ne1 h5 18. h3 g6 19. N1d3 Bb5 20. Nc5 Bxc5 21. dxc5 Nbd7 22. Bg5 Qe8 23. Nxd7 Nxd7 24. Bh6 e5 25. Qc3 Kh7 26. Bxf8 Nxf8 27. Qb4 c6 28.
Qxa3 Ne6 29. Qb2 Nd4 30. Rxd4 exd4 31. Qxd4 Rd8 32. Qf6 Rd2 33. a4 Ba6 34. h4 Qe6 35. Qxe6 fxe6 36. e5 Kg7 37. Rc3 Rd1+ 38. Kh2 Rd2 39.
Rf3 Rb2 40. Rf6 Bd3 41. Rxe6 Rxf2 42. Kg1 Rb2 43. Re7+ Kh6 44. Rxb7 Bc4 45. Bxc6 Bxb3 46. e6 Rb1+ 47. Kf2 Rb2+ 48. Ke3 g5 49. e7 1-0

[Event "Late-Titled-Tuesday-Blitz-March-19-2024"]
[Site "Chess.com"]
[Date "2024.03.19"]
[Round "2"]
[White "ArmanGhevondyanchess"]
[Black "KaydenTroffChess"]
[Result "0-1"]
[WhiteElo "2599"]
[BlackElo "2848"]
[TimeControl "180+1"]
[EndTime "14:18:48 PDT"]
[Termination "KaydenTroffChess won by resignation"]

1. Nf3 Nf6 2. d4 g6 3. g3 Bg7 4.
Bg2 O-O 5. O-O d5 6. Ne5 Nfd7 7. Bxd5 Nxe5 8. dxe5 Bxe5 9. c3 c6 10. Bg2 Qb6 11. Nd2 Rd8 12. Qa4 Qa6 13. Qxa6 Nxa6 14.
Nf3 Bf6 15. Bg5 Bxg5 16. Nxg5 Nc5 17. Rad1 Bg4 18. Bf3 Bxf3 19. Nxf3 Na4 20. Rxd8+ Rxd8 21. Rb1 Rd5 22. c4 Rc5 23. b3 Nc3 24. Rb2 Ra5 25. a4 b5 26. Rc2 b4 27. Nd4 Ra6 28. e3 c5 29. Nb5 Ne4 30. f3 Nd6 31. Nc7 Rc6 32.
Nd5 Kf8 33. Rd2 Nb7 34. Kf2 Na5 35. Rb2 e6 36. Nf6 Kg7 37. Ne4 f5 38. Nd2 Rd6 39. Ke2 e5 40. Nf1 Kf6 41. Rd2 Re6 42. Rb2 e4 43. f4 Rd6 44. Rd2 Rc6 45. Rb2 Ke6 46.
Nd2 Rd6 47. Nf1 Rd3 48. Nd2 Rc3 49. Rb1 Kf6 50. Rb2 h6 51. h4 g5 52. hxg5+ hxg5 53. Rb1 Rc2 54. Kd1 Rc3 55. Ke2 Kg6 56. Rb2 Kh5 57. Rb1 Kg4 58. fxg5 Kxg5 59. Rb2 Kg4 60. Rb1 Rc2 61. Kd1 Ra2 62. Ke2 Kxg3 63. Rg1+ Kh4 64.
Rb1 Kg5 65. Ke1 Kf6 66. Kd1 Ke5 67. Rc1 f4 68. exf4+ Kxf4 69. Ke1 Rxd2 70. Kxd2 Nxb3+ 71. Kc2 Nxc1 0-1

[Event "Late-Titled-Tuesday-Blitz-March-19-2024"]
[Site "Chess.com"]
[Date "2024.03.19"]
[Round "2"]
[White "ukchessbomber"]
[Black "jcibarra"]
[Result "1/2-1/2"]
[WhiteElo "2640"]
[BlackElo "2924"]
[TimeControl "180+1"]
[EndTime "14:18:50 PDT"]
[Termination "Game drawn - insufficient material"]

1. c4 e5 2. b3 Nf6 3. Bb2 Nc6 4. e3 g6 5. Nf3 d6 6. Be2 Bg7 7. O-O e4 8. Nd4 Ne5 9. f3 exf3 10. Nxf3 Qe7 11. Nc3 O-O 12. Nxe5 dxe5 13. Nd5 Nxd5 14. cxd5 e4 15. Qc2 Bxb2 16. Qxb2 Rd8 17. Bc4 Rd6 18.
Rac1 Bd7 19. b4 Rd8 20. Qd4 Bc6 21. Rxf7 Qxf7 22. dxc6 Rxd4 23. Bxf7+ Kxf7 24. exd4 b6 25. Rc4 b5 26. Rc5 a6 27. d5 Kf6 28. Kf2 Ke5 29. d6+ Kxd6 30. Ke3 Ke6 31. Rc3 Ke5 32. g4 g5 33. h3 Rd4 34. Rc5+ Rd5 35. Rc3 Kd6 36. Kxe4 Rxd2 37. Kf5 Rxa2 38. Kxg5 a5 39. bxa5 Rxa5 40. Kh6 b4 41. Rb3 Kc5 42. h4 Ra3 43. Rb1 b3 44. Kxh7 Ra4 45. Rxb3 Rxg4 46. h5 Kxc6 47. h6 Kd5 48.
Rb7 c5 49. Rg7 Rh4 50. Kg6 c4 51. Rc7 Kd4 52. h7 c3 53. Kg7 Kd3 54. Rd7+ Ke2 55. Re7+ Kd2 56. Rd7+ Ke2 57. Rc7 Kd2 58. h8=Q Rxh8 59.
Kxh8 c2 60. Rd7+ Ke2 61. Rc7 Kd2 62. Rxc2+ Kxc2 1/2-1/2

[Event "Late-Titled-Tuesday-Blitz-March-19-2024"]
[Site "Chess.com"]
[Date "2024.03.19"]
[Round "2"]
[White "MKlose11"]
[Black "stollenmonster"]
[Result "1-0"]
[WhiteElo "2640"]
[BlackElo "2890"]
[TimeControl "180+1"]
[EndTime "14:18:50 PDT"]
[Termination "MKlose11 won by resignation"]

1. e4 c5 2. Nc3 Nc6 3. d3 g6 4. g3 Bg7 5. Bg2 e6 6. Be3 Nd4 7. Qd2 h6 8. Nd1 d6 9. c3 Nc6 10. Ne2 Nge7 11. O-O e5 12. d4 cxd4 13. cxd4 exd4 14.
Nxd4 g5 15. Nc3 O-O 16. Ndb5 Ne5 17. b3 N7c6 18. Rad1 Ng4 19. Nxd6 Qa5 20. Nd5 Nxe3 21. Qxa5 Nxa5 22. Nxe3 Nc6 23. Nef5 Bxf5 24. Nxf5 Rad8 25. Rd5 Nb4 26. Rb5 Nxa2 27. Rxb7 a5 28. h4 gxh4 29. Nxh4 Rd4 30. Nf5 Rb4 31. Rxb4 Nxb4 32. Rd1 Rb8 33. Bf1 Nc6 34. Bc4 Ne5 35. Bd5 Bf8 36. Rc1 a4 37.
bxa4 Rb2 38. a5 Nd3 39. Rc7 Bc5 40. Rxf7 Bxf2+ 41. Kh1 Kh8 42. Ne7 Ne5 43. Rf5 Bxg3 44.
Rxe5 Rb1+ 45. Kg2 Bxe5 46. Ng6+ Kg7 47. Nxe5 Ra1 48. Nc4 h5 49. Bb7 Kf6 50. a6 h4 51.
Kh3 Kg5 52. e5 Rh1+ 53. Bxh1 1-0

[Event "Late-Titled-Tuesday-Blitz-March-19-2024"]
[Site "Chess.com"]
[Date "2024.03.19"]
[Round "2"]
[White "AmanteDeMoi"]
[Black "HonzaVykouk"]
[Result "1-0"]
[WhiteElo "2586"]
[BlackElo "2756"]
[TimeControl "180+1"]
[EndTime "14:18:50 PDT"]
[Termination "AmanteDeMoi won by resignation"]

1. Nf3 Nf6 2. e3 g6 3. b3 Bg7 4. Bb2 O-O 5. c4 d6 6. Be2 Nbd7 7. O-O e5 8. d3 Re8 9. Qc2 a5 10. Nbd2 c6 11. a3 Qe7 12. Rfd1 Nc5 13. b4 Ne6 14. Nb3 axb4 15. axb4 Rxa1 16. Bxa1 Nd7 17. d4 f5 18.
d5 cxd5 19. cxd5 Ng5 20. Nxg5 Qxg5 21. Bb5 Rf8 22. Qc7 Qg4 23. Rb1 Nf6 24. Qxd6 f4 25. f3 Qg5 26. Qxe5 Qxe5 27. Bxe5 fxe3 28. d6 Bf5 29. Re1 Nd5 30. Bxg7 Kxg7 31. Bc4 Nxb4 32. Rxe3 Nc6 33. Nc5 b6 34. Ne6+ Bxe6 35. Rxe6 Rd8 36. d7 Nd4 37. Re7+ Kh6 38. Bg8 b5 39. h4 g5 40. Rxh7+ Kg6 41. h5+ Kf6 42. Rf7+ Ke5 43. Rg7 b4 44. h6 b3 45. Bxb3 Nxb3 46. h7 Rh8 47. Rg8 Rxh7 48. d8=Q Nd4 49. Rxg5+ Kf4 50.
Rg4+ Ke3 51. Qxd4+ 1-0

[Event "Late-Titled-Tuesday-Blitz-March-19-2024"]
[Site "Chess.com"]
[Date "2024.03.19"]
[Round "2"]
[White "kinga2008"]
[Black "DamianoLew95"]
[Result "0-1"]
[WhiteElo "2393"]
[BlackElo "2730"]
[TimeControl "180+1"]
[EndTime "14:18:50 PDT"]
[Termination "DamianoLew95 won by resignation"]

1. e4 c5 2. Nf3 d6 3. Bb5+ Bd7 4. Bxd7+ Qxd7 5. O-O Nf6 6. d3 Nc6 7. Nc3 e5 8. Bg5 Be7 9. Bxf6 Bxf6 10. Nd5 Bd8 11.
Qd2 O-O 12. c3 f5 13. Rad1 Qf7 14. Ne3 Ne7 15. Rfe1 f4 16. Nc4 Bc7 17. b3 b5 18. Na3 a6 19. d4 b4 20. dxe5 bxa3 21.
exd6 Rfd8 22. e5 Nf5 23. Qxf4 Nxd6 24. Qe3 Nf5 25. Qxc5 Qe7 26. Qc4+ Kh8 27. e6 Rxd1 28. Rxd1 Rd8 29. Rd5 Rxd5 30. Qxd5 Qd6 31. Qa8+ Qd8 32. Qxd8+ Bxd8 33. g4 Ne7 34. Ne5 Kg8 35. Kg2 g5 36.
Kf3 Kg7 37. Ke4 Kf6 38. Nd7+ Kxe6 39. Nf8+ Kf7 40. Nxh7 Ng6 41. Kf5 Nh4+ 42. Ke4 Kg7 43. Nxg5 Bxg5 44. f4 Bd8 45. Kd5 Nf3 46. Kc6 Nd2 47.
Kb7 Nxb3 48. Kxa6 Nc1 49. Kb5 Nxa2 50. Ka4 Be7 51. Kb3 Nc1+ 52. Kc2 Nd3 53. f5 a2 0-1

[Event "Late-Titled-Tuesday-Blitz-March-19-2024"]
[Site "Chess.com"]
[Date "2024.03.19"]
[Round "2"]
[White "I-Mesquita"]
[Black "Kombinator01"]
[Result "1-0"]
[WhiteElo "2717"]
[BlackElo "2408"]
[TimeControl "180+1"]
[EndTime "14:18:50 PDT"]
[Termination "I-Mesquita won by checkmate"]

1. e4 e5 2. Nf3 Nf6 3. Nxe5 Nxe4 4. Nf3 d5 5. d3 Nf6 6. Be2 c5 7. O-O Nc6 8. d4 cxd4 9. Nxd4 Bd6 10. Bg5 h6 11.
Bh4 O-O 12. Nc3 Be5 13. Nf3 Bxc3 14. bxc3 Be6 15. Rb1 b6 16. Bb5 Rc8 17. Ba6 Rc7 18. Bg3 Re7 19. Bb5 Na5 20. Bh4 Rc7 21. Qd4 Bf5 22.
Rbc1 Be4 23. Ne5 Qd6 24. Rfe1 Qc5 25. Bxf6 Qxd4 26. cxd4 gxf6 27. Nd7 a6 28. Nxf8 axb5 29. f3 Bf5 30. Re8 Kg7 31. g4 Bd3 32. Rd8 Bc4 33. Re1 Nc6 34. Ra8 Nxd4 35. Kf2 Nxc2 36. Ree8 f5 37. h4 fxg4 38. fxg4 Nd4 39. g5 hxg5 40.
hxg5 Nc6 41. g6 fxg6 42. Ne6+ Kf6 43. Nxc7 Ne5 44. Re6+ Kf5 45. Rf8+ Ke4 46. Rfe8 Kd3 47. Rxe5 d4 48. Rd8 Bxa2 49. Nxb5 Kc4 50. Rxd4+ Kb3 51.
Ree4 g5 52. Re3+ Kb2 53. Rd2+ Ka1 54. Re1+ Bb1 55. Na3 g4 56. Rxb1# 1-0